 Dungeon Crawl Stone Soup version 0.27-a0-1200-g94dc6ad4cf (webtiles) character file.

Game seed: 4652024613125584940

499 barkas the Slasher (level 7, 0/60 (63) HPs)
             Began as a Naga Warper on May 31, 2021.
             Slain by a necrophage (5 damage)
             ... on level 5 of the Dungeon.
             The game lasted 00:06:04 (4584 turns).

barkas the Slasher (Naga Warper)                    Turns: 4584, Time: 00:06:04

HP:   0/60 (63)     AC:  4    Str: 14    XL:     7   Next: 16%
MP:   6/10          EV:  9    Int: 21    God:
Gold: 79            SH:  0    Dex: 10    Spells: 5/10 levels left

rFire    . . .     SeeInvis +   a - +0 falchion
rCold    . . .     Faith    .   (no shield)
rNeg     . . .     Spirit   .   u - +0 leather armour "Bowyim" {Slay+3}
rPois    +         Reflect  .   (no helmet)
rElec    .         Harm     .   l - +0 cloak
rCorr    .         Rampage  .   (no gloves)
Will     .....                  (no barding)
Stlth    +.........             (no amulet)
HPRegen  0.20/turn              k - +6 ring of intelligence
MPRegen  0.12/turn              q - ring of flight

@: lit by a corona, flying, very slightly contaminated, glowing, lightly
drained, very slow
A: AC +2, large, see invisible, deformed body, poison resistance, slowness 2,
spit poison 1, naga tail 1
a: Spit Poison


You were on level 5 of the Dungeon.
You visited 1 branch of the dungeon, and saw 5 of its levels.

You collected 204 gold pieces.
You spent 125 gold pieces at shops.

Inventory:

Hand Weapons
 a - a +0 falchion (weapon)
 b - a +2 dagger of venom
 j - a +2 spear of venom
 v - a +1 flail of holy wrath
Missiles
 e - 3 boomerangs of dispersal (quivered)
Armour
 l - a +0 cloak (worn)
 u - the +0 leather armour "Bowyim" (worn) {Slay+3}
   (You found it on level 5 of the Dungeon)

   It affects your accuracy and damage with ranged weapons and melee attacks
   (+3).
Magical Staves
 r - a staff of cold
Jewellery
 k - a +6 ring of intelligence (left hand)
 q - a ring of flight (right hand)
Wands
 m - a wand of paralysis (8)
 x - a wand of iceblast (8)
Scrolls
 c - 4 scrolls of noise {unknown}
 d - 2 scrolls of blinking
 g - 3 scrolls of enchant weapon {unknown}
 i - a scroll of magic mapping {unknown}
 n - 2 scrolls of torment {unknown}
 o - a scroll of enchant armour {unknown}
 s - 4 scrolls of identify
 t - 5 scrolls of fog {unknown}
 w - a scroll of teleportation
Potions
 f - 2 potions of brilliance
 p - 2 potions of haste


   Skills:
 + Level 3.7 Fighting
 * Level 5.0 Long Blades
 - Level 0.8 Throwing
 - Level 0.7 Armour
 - Level 1.5 Dodging
 + Level 4.8 Stealth
 - Level 2.0 Spellcasting
 + Level 4.3 Translocations


You had 5 spell levels left.
You knew the following spells:

 Your Spells              Type           Power      Damage    Failure   Level
a - Blink                 Tloc           N/A        N/A       4%          2
b - Teleport Other        Tloc           20%        N/A       10%         3

Your spell library contained the following spells:

 Spells                   Type           Power      Damage    Failure   Level
 Gell's Gravitas          Tloc           10%        N/A       10%         3
 Lesser Beckoning         Tloc           10%        N/A       10%         3
 Animate Skeleton         Necr           4%         N/A       19%         1
 Pain                     Necr           8%         1d4       19%         1
 Vampiric Draining        Necr           1%         2d6       50%         3
 Manifold Assault         Tloc           20%        N/A       65%         5
 Animate Dead             Necr           1%         N/A       88%         4
 Agony                    Necr           2%         N/A       99%         5


Dungeon Overview and Level Annotations

Branches:
Dungeon (5/15)
 Temple: D:4-7

Altars:
Ru
Xom

Shops:
D:2 *   D:3 ?*


Innate Abilities, Weirdness & Mutations

Your serpentine skin is tough. (AC +2)
You have supernaturally acute eyesight. (SInv)
Armour fits poorly on your strangely shaped body.
Your system is resistant to poisons. (rPois)
You cover ground very slowly.
You can spit poison.
You have a snake-like lower body.


Message History

Unknown command.
Casting: Teleport Other (dangerous; 10% risk of failure)
Confirm with . or Enter, or press ? or * to list all spells.
Aiming: Teleport Other (dangerous; 10% risk of failure)
Press: ? - help, Shift-Dir - straight line, f - gnoll
Aim: a gnoll, wielding a +0 halberd (chance to affect: 67%)
The gnoll looks slightly unstable.
The gnoll hits you from afar with a +0 halberd!
Your +2 dagger of venom stops dripping with poison.
a - a +0 falchion (weapon)
You slash the necrophage!
The necrophage is moderately damaged.
The necrophage hits you.
You feel drained.
You hit the necrophage.
The necrophage is heavily damaged.
The necrophage hits you but does no damage.
You hit the necrophage.
The necrophage is severely damaged.
The necrophage hits you.
* * * LOW HITPOINT WARNING * * *
You feel drained.
* * * LOW HITPOINT WARNING * * *
You closely miss the necrophage.
The necrophage is severely damaged.
The necrophage hits you.
* * * LOW HITPOINT WARNING * * *
You completely miss the necrophage.
The necrophage is severely damaged.
The necrophage barely misses you.
You riposte.
You slash the necrophage!
The necrophage is almost destroyed.
You hit the necrophage.
The necrophage is almost destroyed.
The necrophage hits you.
* * * LOW HITPOINT WARNING * * *
Casting: Teleport Other (dangerous; 10% risk of failure)
Confirm with . or Enter, or press ? or * to list all spells.
You miscast Blink.
You are very lightly contaminated with residual magic.
Nothing appears to happen.
The necrophage hits you.
You die...

#.# #.....#
######.########.....#
##......##...........#
#####...###.##.#####.....#
......#.....##.# #.....#
#####.[.######.#
####.##### #.......#
#.###()......# #.......###
#.#.n##ยง####.#
#.........# #..@##.8.#
#.......#.###..##.gg##
#.........##..##...##
#......>[....##..g##
#...........++.8n'+
##...........##.).##
#.....##.##..##...##
#....# #.# #..##...## ....
..# ...##g8.#


You could see a necrophage.

Vanquished Creatures
  A sky beast (D:5)
  A water moccasin skeleton (D:4)
  A hound (D:4)
  2 iguanas
  A gnoll shaman (D:5)
  4 orc wizards
  A hound skeleton (D:4)
  3 gnolls
  A howler monkey skeleton (D:4)
  3 adders (D:3)
  An adder skeleton (D:3)
  A worm (D:3)
  11 orcs (D:3)
  5 endoplasms
  3 giant cockroaches (D:4)
  2 goblins
  3 hobgoblins
  2 jackals (D:4)
  3 quokkas
  5 ball pythons
  4 bats (D:2)
  2 frilled lizards
  A kobold (D:4)
  5 rats
66 creatures vanquished.

Notes
Turn   | Place    | Note
-------+----------+-------------------------------------------
     0 | D:1      | barkas the Naga Warper began the quest for the Orb.
     0 | D:1      | Reached XP level 1. HP: 19/19 MP: 3/3
   144 | D:1      | Reached skill level 1 in Stealth
   144 | D:1      | Reached XP level 2. HP: 17/26 MP: 5/5
   849 | D:2      | Found Duwuoc's General Store.
   856 | D:2      | Bought a scroll of identify for 20 gold pieces
   959 | D:2      | Found a shimmering altar of Xom.
   992 | D:2      | Reached XP level 3. HP: 32/32 MP: 6/6
  1004 | D:2      | Found a faded altar of an unknown god.
  1580 | D:3      | Reached skill level 3 in Long Blades
  1583 | D:3      | Reached XP level 4. HP: 16/40 MP: 7/7
  2235 | D:3      | Reached XP level 5. HP: 48/48 MP: 8/8
  2277 | D:3      | Found Rogi's Magic Scroll Boutique.
  2282 | D:3      | Bought a scroll of blinking for 75 gold pieces
  2282 | D:3      | Bought a scroll of teleportation for 30 gold pieces
  2512 | D:3      | Learned a level 2 spell: Blink
  2516 | D:3      | Learned a level 3 spell: Teleport Other
  2907 | D:3      | Found Dahyho Yshroe's General Store.
  3016 | D:4      | Found a sacrificial altar of Ru.
  3031 | D:4      | HP: 1/49 [orc wizard/+0 dagger (2)]
  3326 | D:4      | Reached skill level 4 in Long Blades
  3550 | D:4      | Reached XP level 6. HP: 56/56 MP: 9/9
  4318 | D:5      | Entered Level 5 of the Dungeon
  4403 | D:5      | Noticed a sky beast
  4408 | D:5      | Killed a sky beast
  4462 | D:5      | Reached XP level 7. HP: 53/62 MP: 10/10
  4465 | D:5      | Identified the +0 leather armour "Bowyim" {Slay+3}
  4570 | D:5      | Reached skill level 5 in Long Blades
  4584 | D:5      | Slain by a necrophage

Illustrated notes

Levels and vault maps discovered:
D:1:      doesnt_arrival_eight_statues, layout_basic, hangedman_decor_growths,
          minmay_tromino_i4
D:2:      layout_loops_ring, ebering_ecumenical_altar_petrified, basic_altar,
          serial_shops, nicolae_shop_behind_doors
D:3:      layout_loops_ring, serial_shops, shop_scrolls, nicolae_shop_trees
D:4:      minmay_door_path, layout_loops_cross,
          nicolae_ru_great_annihilating_truth
D:5:      layout_loops_ring, grunt_decor_arrowhead

Skill      XL: |  1  2  3  4  5  6  7 |
---------------+----------------------+-----
Stealth        | 1 2 3 4 |  4.8
Long Blades    | 3 4 5 |  5.0
Fighting       | 3 |  3.7
Translocations | 4 |  4.3
Throwing       | |  0.8
Armour         | |  0.7
Dodging        | |  1.5
Spellcasting   | |  2.0

Action                   |  1- 3 |  4- 6 |  7- 9 || total
-------------------------+-------+-------+-------++-------
Melee: Falchion          |    36 |   102 |     6 ||   144
       Dagger            |       |    47 |     5 ||    52
Throw: Boomerang         |     2 |       |       ||     2
 Cast: Blink             |       |     4 |     1 ||     5
       Teleport Other    |       |       |     1 ||     1
 Abil: Spit Poison       |    17 |    22 |     2 ||    41
Evoke: Wand              |       |     1 |       ||     1
  Use: Scroll            |     3 |       |       ||     3
       Potion            |     1 |     3 |       ||     4
 Stab: Sleeping          |     2 |     4 |       ||     6
Armor: Leather armour    |    19 |    44 |     3 ||    66
Dodge: Dodged            |    17 |    64 |     5 ||    86
       Rpst.: Falchion   |     8 |    14 |     1 ||    23

Table legend: (Time is in decaauts)
 A = Elapsed time spent in this place.
 B = Non-inter-level travel time spent in this place.
 C = Inter-level travel time spent in this place.
 D = Time resting spent in this place.
 E = Time spent auto-exploring this place.
 F = Levels seen in this place.
 G = Mean time per level.
                   A        B        C        D        E       F      G
               +--------+--------+--------+--------+--------+-----+--------+
         Total |   5675 |   5482 |    193 |     84 |   4749 |   5 | 1135.0 |
       Dungeon |   5675 |   5482 |    193 |     84 |   4749 |   5 | 1135.0 |
               +--------+--------+--------+--------+--------+-----+--------+

Top non-repeatable levels by time:
     D:3: 1739 daAuts
     D:4: 1629 daAuts
     D:2: 1092 daAuts
     D:1: 888 daAuts
     D:5: 325 daAuts
